 Dungeon Sprint DCSS version 0.29.1-2-gbd0b4ee654 (webtiles) character file.

Game seed: 12015759369089212064

2321 boopmooplesden the Severer (level 9, 0/97 HPs)
             Began as a Minotaur Berserker on Nov 30, 2022.
             Was a Priest of Trog.
             Slain by a centaur warrior (10 damage)
             ... in the Dungeon (Sprint I: "Red Sonja").
             The game lasted 00:02:28 (1260 turns).

boopmooplesden the Severer (Minotaur Berserker)     Turns: 1260, Time: 00:02:30

Health: 0/97       AC:  6    Str: 24    XL:     9   Next: 18%
Magic:  8/8        EV: 16    Int:  4    God:    Trog [***...]
Gold:   53         SH:  0    Dex: 15    Spells: 8/8 levels left

rFire   . . .      SeeInvis .   a - +0 hand axe
rCold   . . .      Faith    .   (no shield)
rNeg    . . .      Spirit   .   j - +0 leather armour
rPois   .          Reflect  .   (helmet restricted)
rElec   .          Harm     .   (no cloak)
rCorr   .          Rampage  .   n - +0 pair of fencer's gloves {Riposte Dex+3}
Will    ++...      NoTele   +   k - +0 pair of boots
Stlth   +.........              l - amulet of the acrobat
HPRegen 1.26/turn               (no ring)
MPRegen 0.11/turn               (no ring)

@: strong-willed, on berserk cooldown, regenerating, slowed, very slow
A: horns 2, retaliatory headbutt
a: Renounce Religion, Berserk, Trog's Hand


You were in the Dungeon.
You worshipped Trog.
Trog was most pleased with you.
You visited 1 branch You collected 676 gold pieces.
You spent 623 gold pieces at shops.

Inventory:

Hand Weapons
 a - a +0 hand axe (weapon)
Armour
 b - a +0 animal skin
 j - a +0 leather armour (worn)
 k - a +0 pair of boots (worn)
 n - the +0 pair of fencer's gloves (worn) {Riposte Dex+3}
   (You bought it in a shop in the Dungeon)

   It allows the wearer to riposte with melee weapons, swiftly retaliating
   against missed or blocked melee attacks.
   Dex:       It affects your dexterity (+3).
Jewellery
 l - an amulet of the acrobat (around neck)
Wands
 i - a wand of polymorph (9)
Scrolls
 h - a scroll of blinking
Potions
 c - a potion of curing
 e - a potion of haste
 f - 2 potions of magic
 g - a potion of berserk rage
 m - a potion of degeneration {unknown}


   Skills:
 + Level 15.2 Fighting
 + Level 15.8 Axes
 + Level 8.5 Armour
 + Level 9.1 Dodging
 + Level 0.5 Stealth


You had 8 spell levels left.
You didn't know any spells.
Your spell library was empty.

Dungeon Overview and Level Annotations

Branches:
Dungeon (1/1)

Altars:
Cheibriados
Dithmenos
Elyvilon
Fedhas
Gozag
Hepliaklqana
Kikubaaqudgha
Makhleb
Nemelex Xobeh
Okawaru
Qazlal
Ru
Sif Muna
Trog
Uskayaw
Vehumet
Wu Jian
Xom
Yredelemnul
Zin
The Shining One
Jiyva
Lugonu

Shops:
D ?[[


Innate Abilities, Weirdness & Mutations

You have a pair of horns on your head.
You reflexively headbutt those who attack you in melee.


Message History

Your skin crawls.
You feel strong-willed. The centaur warrior misses you.
You furiously retaliate!
You headbutt the centaur warrior.
You riposte.
You hit the centaur warrior but do no damage.
The centaur warrior is almost dead.
You hit the centaur warrior. The centaur warrior closely misses you.
The centaur warrior hits you but does no damage.
The centaur warrior kicks you.
* * * LOW HITPOINT WARNING * * *
The centaur warrior hits you.
* * * LOW HITPOINT WARNING * * *
The centaur warrior kicks you but does no damage.
The centaur warrior hits you!
* * * LOW HITPOINT WARNING * * *
The centaur warrior kicks you but does no damage.
The centaur warrior closely misses you.
The centaur warrior kicks you but does no damage.
The centaur warrior closely misses you. The centaur warrior kicks you.
* * * LOW HITPOINT WARNING * * *
You feel much better.
The centaur warrior completely misses you.
The centaur warrior kicks you.
* * * LOW HITPOINT WARNING * * *
The centaur warrior closely misses you. The centaur warrior kicks you.
* * * LOW HITPOINT WARNING * * *
The centaur warrior hits you but does no damage.
The centaur warrior kicks you.
* * * LOW HITPOINT WARNING * * *
The centaur warrior hits you.
* * * LOW HITPOINT WARNING * * *
The centaur warrior kicks you.
* * * LOW HITPOINT WARNING * * *
Your ogre goes berserk!
You can no longer call in reinforcements.
The centaur warrior hits you!
* * * LOW HITPOINT WARNING * * *
The centaur warrior kicks you but does no damage.
The centaur warrior hits you!
You die...

#########################
<.#..').#..'..#__#..'...#
..').#..').#..'..'..#)).#
..#####'#####'#__####...+
..####..#...#(####§§#####
..#__####..##.#~~§§.#
..#_____##'#_.§§§§§.+
⌠⌠#_.∩...)..._#§c§§§#
###_..__##_.#'##@####
#_____###'#.#§cO.###
###########.####§###(##
∩........'...'[....'.∩#
##++++####...##########
##.## #+#


You could see 2 centaur warriors and a friendly ogre (summoned, berserk).

Vanquished Creatures
  Sonja (D)
  A deep troll (D)
  2 kobold demonologists (D)
  A slime creature (D)
  Sigmund (D)
  A yak (D)
  A floating eye (D)
  An ogre (D)
  A jelly (D)
  Ijyb (D)
11 creatures vanquished.

Vanquished Creatures (others)
  A gargoyle (D)
1 creature vanquished.

Grand Total: 12 creatures vanquished

Notes
Turn   | Place    | Note
-------+----------+-------------------------------------------
     0 | D        | boopmooplesden the Minotaur Berserker began the quest for
                  | the Orb.
     0 | D        | Reached XP level 1. HP: 19/19 MP: 0/0
     1 | D        | Noticed Ijyb
     8 | D        | Killed Ijyb
     9 | D        | Reached skill level 5 in Fighting
     9 | D        | Reached skill level 5 in Axes
     9 | D        | Reached XP level 2. HP: 29/29 MP: 1/1
   224 | D        | Noticed an ogre
   226 | D        | Killed an ogre
   227 | D        | Reached XP level 3. HP: 39/39 MP: 2/2
   227 | D        | Reached XP level 4. HP: 47/47 MP: 3/3
   270 | D        | Noticed Sigmund
   285 | D        | Killed Sigmund
   285 | D        | Reached ** piety under Trog
   286 | D        | Reached skill level 10 in Axes
   286 | D        | Reached skill level 5 in Armour
   286 | D        | Reached skill level 5 in Dodging
   286 | D        | Reached XP level 5. HP: 38/58 MP: 4/4
   286 | D        | Reached XP level 6. HP: 43/66 MP: 5/5
   447 | D        | Found a shimmering blue altar of Sif Muna.
   448 | D        | Found an ornate altar of the Wu Jian Council.
   449 | D        | Found a radiant altar of Vehumet.
   453 | D        | Reached skill level 10 in Fighting
   473 | D        | Found Uzastrese's Armour Emporium.
   473 | D        | Found an ancient bone altar of Kikubaaqudgha.
   473 | D        | Found a hazy altar of Hepliaklqana.
   473 | D        | Found a hide-covered altar of Uskayaw.
   473 | D        | Found a basalt altar of Yredelemnul.
   473 | D        | Found an opulent altar of Gozag.
   473 | D        | Found a snail-covered altar of Cheibriados.
   473 | D        | Found a sacrificial altar of Ru.
   473 | D        | Found a shadowy altar of Dithmenos.
   473 | D        | Noticed a yak
   477 | D        | Killed a yak
   478 | D        | Found a stormy altar of Qazlal.
   478 | D        | Found a blossoming altar of Fedhas.
   478 | D        | Found a bloodstained altar of Trog.
   478 | D        | Found an iron altar of Okawaru.
   478 | D        | Found a glowing golden altar of the Shining One.
   478 | D        | Found a glowing silver altar of Zin.
   478 | D        | Found a white marble altar of Elyvilon.
   479 | D        | Found a sparkling altar of Nemelex Xobeh.
   483 | D        | Bought a +0 pair of boots for 63 gold pieces
   555 | D        | Found a burning altar of Makhleb.
   555 | D        | Found a viscous altar of Jiyva.
   555 | D        | Found a shimmering altar of Xom.
   555 | D        | Found a corrupted altar of Lugonu.
   555 | D        | Noticed a slime creature
   564 | D        | Killed a slime creature
   565 | D        | Reached XP level 7. HP: 42/75 MP: 6/6
   815 | D        | Noticed a kobold demonologist
   817 | D        | Noticed a kobold demonologist
   821 | D        | Noticed a chaos spawn
   821 | D        | Killed a kobold demonologist
   821 | D        | Reached *** piety under Trog
   827 | D        | Killed a kobold demonologist
   828 | D        | Reached XP level 8. HP: 86/86 MP: 7/7
   947 | D        | Killed a gargoyle
  1004 | D        | Noticed Sonja
  1015 | D        | Killed Sonja
  1015 | D        | Reached **** piety under Trog
  1016 | D        | Reached skill level 15 in Axes
  1144 | D        | Found Viususk's Magic Scroll Boutique.
  1164 | D        | Noticed a deep troll
  1170 | D        | Killed a deep troll
  1171 | D        | Reached skill level 15 in Fighting
  1171 | D        | Reached XP level 9. HP: 97/97 MP: 8/8
  1217 | D        | Found Neak's Armour Emporium.
  1222 | D        | Bought the +0 pair of fencer's gloves {Riposte Dex+3} for
                  | 560 gold pieces
  1222 | D        | Found the +0 pair of fencer's gloves {Riposte Dex+3}
  1242 | D        | Noticed a centaur warrior
  1242 | D        | Noticed a centaur warrior
  1258 | D        | HP: 3/97 [centaur warrior (7)]
  1258 | D        | HP: 1/97 [centaur warrior (2)]
  1260 | D        | Slain by a centaur warrior

Illustrated notes

Levels and vault maps discovered:
D:        dungeon_sprint_1 [red_sonja_temple_1, red_sonja_temple_small_1]

Skill      XL: |  1  2  3  4  5  6  7  8 |
---------------+-------------------------+-----
Fighting       | 5 7 9 11 13 15 | 15.2
Axes           | 5 7 10 12 14 15 | 15.8
Armour         | 3 4 5 6 7 8 |  8.5
Dodging        | 3 4 5 6 7 9 |  9.1
Stealth        | |  0.5

Action                   |  1- 3 |  4- 6 |  7- 9 || total
-------------------------+-------+-------+-------++-------
Melee: Hand axe          |     7 |    19 |    26 ||    52
       Headbutt          |     3 |     4 |     7 ||    14
Invok: Berserk           |     2 |     2 |     4 ||     8
       Trog's Hand       |       |       |     1 ||     1
       Brothers in Arms  |       |       |     1 ||     1
  Use: Potion            |       |       |     1 ||     1
Armor: Animal skin       |     1 |       |       ||     1
       Leather armour    |       |     5 |    18 ||    23
Dodge: Dodged            |     3 |     7 |    34 ||    44
       Rpst.: Hand axe   |       |       |     3 ||     3
